 Dungeon Crawl Stone Soup version 0.30.0-17-ge0270778cf (webtiles) character file.

Game seed: 6658079777598942007

21 McKennaii the Conjurer (level 2, -1/20 HPs)
             Began as a Demigod Conjurer on May 21, 2023.
             Slain by a jackal (3 damage)
             ... on level 1 of the Dungeon.
             The game lasted 00:00:23 (660 turns).

McKennaii the Conjurer (Demigod Conjurer)            Turns: 660, Time: 00:00:24

Health: -1/20      AC:  2    Str:  8    XL:     2   Next: 48%
Magic:  2/7        EV: 12    Int: 20    God:
Gold:   35         SH:  0    Dex: 12    Spells: 4/5 levels left

rFire   . . .        (no weapon)
rCold   . . .        (no shield)
rNeg    . . .        a - +0 robe
rPois   .            (no helmet)
rElec   .            (no cloak)
rCorr   .            (no gloves)
SInv    .            (no boots)
Will    .....        (no amulet)
Stlth   ++           (no ring)
HPRegen 0.23/turn    (no ring)
MPRegen 0.10/turn

%: no passive effects
@: no status effects
A: high MP 1, forlorn, divine attributes
a: no special abilities


You were on level 1 of the Dungeon.
You visited 1 branch of the dungeon, and saw 1 of its levels.

You collected 35 gold pieces.

Inventory:

Armour
 a - a +0 robe (worn)
Jewellery
 c - a +4 ring of slaying
Scrolls
 d - a scroll of torment {unknown}
 e - a scroll of fear {unknown}
 f - 3 scrolls of identify {unknown}
 g - a scroll of vulnerability {unknown}
Potions
 b - a potion of magic


   Skills:
 + Level 2.1 Dodging
 + Level 2.1 Stealth
 + Level 2.0 Spellcasting
 + Level 3.8 Conjurations


You had 4 spell levels left.
You knew the following spells:

 Your Spells              Type           Power      Damage    Failure   Level
a - Magic Dart            Conj           68%        1d6       3%          1

Your spell library contained the following spells:

 Spells                   Type           Power      Damage    Failure   Level
 Searing Ray              Conj           34%        2d5       4%          2
 Dazzling Flash           Conj/Hex       18%        N/A       22%         3
 Fulminant Prism          Conj/Hex       4%         3d5       56%         4
 Iskenderun's Mystic Bla  Conj/Tloc      9%         2d4       56%         4


Dungeon Overview and Level Annotations

Branches:
Dungeon (1/15)


Innate Abilities, Weirdness & Mutations

You have an increased reservoir of magic. (+10% MP)
You shall have no god before yourself.
Your divine heritage dramatically boosts your attributes as you level up.


Message History

You miss the jackal.
The jackal is severely wounded.
The jackal closely misses you.
You barely miss the jackal.
The jackal is severely wounded.
The jackal misses you.
You hit the jackal but do no damage.
The jackal is severely wounded.
The jackal misses you. The jackal barely misses you.
You hit the jackal but do no damage.
The jackal is severely wounded.
The jackal barely misses you.
You closely miss the jackal.
The jackal is severely wounded.
The jackal bites you.
* * * LOW HITPOINT WARNING * * *
The jackal closely misses you.
You hit the jackal but do no damage.
The jackal is severely wounded.
The jackal closely misses you.
You hit the jackal but do no damage.
The jackal is severely wounded.
The jackal bites you but does no damage.
You closely miss the jackal.
The jackal is severely wounded.
The jackal misses you. The jackal bites you.
* * * LOW HITPOINT WARNING * * *
You barely miss the jackal.
The jackal is severely wounded.
The jackal bites you but does no damage.
You hit the jackal.
The jackal is almost dead.
The jackal misses you. The jackal barely misses you.
You hit the jackal but do no damage.
The jackal is almost dead.
The jackal closely misses you.
You closely miss the jackal.
The jackal is almost dead.
The jackal bites you.
You die...

..#
##.#≈#.#~#.###≈#.##.##.
##.##.##.##≈≈ #.##.##.
#≈≈#.≈.~.#≈≈# #.##....
#####~.~.~#######.#####.
.......~<~.......~.......
..####~.~.~#######.......
#.≈.~.#~≈## #..###..
#.##.##.##≈≈##....#.. #.#
#@#≈#.###≈#..#..÷. #.#
#h#≈##.###≈..#.#.. #.#
##h## ##.###~...... .#
#.h##≈ ##.##....... ##
##...##≈ ##.##.#.###
##~##..~..##≈##.##.#.#
#≈........# #~.......#
>##......#####.##.#####
#....).......##.# #..


You could see 3 jackals.

Vanquished Creatures
  6 bats (D:1)
  An endoplasm (D:1)
  4 goblins (D:1)
  3 hobgoblins (D:1)
  A ball python (D:1)
  2 frilled lizards (D:1)
  3 rats (D:1)
20 creatures vanquished.

Notes
Turn   | Place    | Note
-------+----------+-------------------------------------------
     0 | D:1      | McKennaii the Demigod Conjurer began the quest for the Orb.
     0 | D:1      | Reached XP level 1. HP: 14/14 MP: 5/5
   325 | D:1      | Reached XP level 2. HP: 20/20 MP: 2/7
   656 | D:1      | HP: 1/20 [jackal (2)]
   660 | D:1      | Slain by a jackal

Illustrated notes

Levels and vault maps discovered:
D:1:      spicycebolla_arrival_xxxplode, layout_loops_cross, minmay_quantized

Skill      XL: |  1  2 |
---------------+-------+-----
Dodging        | 2 |  2.1
Stealth        | 2 |  2.1
Spellcasting   | 2 |  2.0
Conjurations   | |  3.8

Action                     || total
---------------------------++-------
  Melee: Unarmed           ||    20
   Cast: Magic Dart        ||    41
 Armour: Robe              ||     3
  Dodge: Dodged            ||    39
